 Dungeon Crawl Stone Soup version 0.21.1-1-g345015f (webtiles) character file.

83 Fang the Skirmisher (level 4, -6/29 HPs)
             Began as a Gargoyle Berserker on May 21, 2018.
             Was a Believer of Trog.
             Mangled by a gnoll
             ... wielding a +0 halberd
              (10 damage)
             ... on level 2 of the Dungeon.
             The game lasted 00:02:13 (1740 turns).

Fang the Skirmisher (Gargoyle Berserker)            Turns: 1740, Time: 00:02:13

Health: -6/29      AC:  5    Str: 21    XL:     4   Next: 44%
Magic:  13/13      EV: 12    Int:  8    God:    Trog [**....]
Gold:   31         SH:  0    Dex:  9    Spells: 3/3 levels left

rFire    . . .     SeeInvis .   a - +0 hand axe
rCold    . . .     Gourm    .   (no shield)
rNeg     + . .     Faith    .   b - +0 animal skin
rPois    ∞         Spirit   .   (no helmet)
rElec    +         Reflect  .   (no cloak)
rCorr    .         Harm     .   (no gloves)
MR       .....                  (no boots)
Stlth    ..........             (no amulet)
HPRegen  0.09/turn              e - ring of loudness (curse)
MPRegen  0.13/turn              l - ring of magical power

@: berserk cooldown, slowed, very slow
A: negative energy resistance 1, electricity resistance, unbreathing,
petrification resistance, rot immunity, AC +3
a: Berserk, Trog's Hand, Burn Spellbooks, Renounce Religion


You were on level 2 of the Dungeon.
You worshipped Trog.
Trog was pleased with you.
You were very hungry.

You visited 1 branch of the dungeon, and saw 2 of its levels.

You collected 31 gold pieces.

Inventory:

Hand Weapons
 a - a +0 hand axe (weapon)
Armour
 b - a +0 animal skin (worn)
Jewellery
 e - a cursed ring of loudness (left hand)
 l - a ring of magical power (right hand)
Scrolls
 f - a scroll of enchant armour {unknown}
 h - a scroll of identify {unknown}
 i - 2 scrolls of magic mapping {unknown}
 j - a scroll of random uselessness {unknown}
 k - a scroll of remove curse {unknown}
 m - a scroll of fog {unknown}
Potions
 d - 2 potions of magic {unknown}
 g - 3 potions of curing {unknown}
Comestibles
 c - a ration


   Skills:
 + Level 4.0 Fighting
 + Level 3.7 Axes
 + Level 2.3 Armour
 + Level 2.1 Dodging
 + Level 0.3 Stealth


You had 3 spell levels left.
You didn't know any spells.

Dungeon Overview and Level Annotations

Branches:
Dungeon (2/15)

Altars:


Innate Abilities, Weirdness & Mutations

You are resistant to torment.
Your stone body is resilient. (AC +3)
You are immune to poison.
You resist negative energy. (rN+)
You are resistant to electric shocks. (rElec)
You can survive without breathing.
You are immune to petrification.
You are immune to rotting.


Message History

You hit the gnoll.
The gnoll is lightly wounded.
The gnoll misses you.
Unknown command.
You hit the gnoll but do no damage.
The gnoll is lightly wounded.
The gnoll misses you. The gnoll hits you with a halberd.
* * * LOW HITPOINT WARNING * * *
Unknown command.
You hit the gnoll.
The gnoll is moderately wounded.
The gnoll barely misses you.
You hit the gnoll but do no damage.
The gnoll is moderately wounded.
The gnoll barely misses you.
Unknown command.
You closely miss the gnoll.
The gnoll is moderately wounded.
The gnoll misses you. The gnoll hits you with a halberd!
You die...

..............#####...
......>............... .
........##........... ..
#......##........... ...
..... #...........
....####)#######.##.....
.......†......##...#....
.......†).....#.........
......g@......#.........
.............)..........
..............#........#
##............##.......#
#............##........
#...!........##........
#............###....##.
#.....(......# #....##.
...(....######.#..


You could see a gnoll.

Vanquished Creatures
  3 gnolls (D:2)
  An adder (D:2)
  4 worms (D:2)
  8 bats
  2 goblins (D:1)
  3 hobgoblins
  4 jackals (D:1)
  2 frilled lizards
  8 kobolds
  A rat (D:1)
36 creatures vanquished.

Notes
Turn   | Place    | Note
-------+----------+-------------------------------------------
     0 | D:1      | Fang the Gargoyle Berserker began the quest for the Orb.
     0 | D:1      | Reached XP level 1. HP: 14/14 MP: 1/1
   106 | D:1      | Reached XP level 2. HP: 5/19 MP: 2/2
   743 | D:1      | Reached XP level 3. HP: 24/24 MP: 3/3
   852 | D:1      | Reached ** piety under Trog
  1724 | D:2      | Reached XP level 4. HP: 29/29 MP: 4/4
  1727 | D:2      | Reached skill level 4 in Fighting
  1740 | D:2      | Mangled by a gnoll

Skill      XL: |  1  2  3  4 |
---------------+-------------+-----
Axes           | 3 |  3.7
Dodging        | 2 |  2.1
Fighting       | 4 |  4.0
Armour         | |  2.3
Stealth        | |  0.3

Action                   |  1- 3 |  4- 6 || total
-------------------------+-------+-------++-------
Melee: Hand axe          |   114 |    13 ||   127
Invok: Berserk           |     3 |       ||     3
  Eat: Chunk             |     4 |       ||     4
Armor: Animal skin       |    37 |     2 ||    39
Dodge: Dodged            |    93 |    15 ||   108
